 Dungeon Crawl Stone Soup version 0.28.0-49-g6dfe1f597d (console) character file.

Game seed: 863975655574742983

40782 Faeu the Executioner (level 13, -17/192 HPs)
             Began as a Minotaur Berserker on May 16, 2022.
             Was a High Priest of Trog.
             Demolished by an orc knight
             ... wielding a +0 broad axe
              (20 damage)
             ... on level 14 of the Dungeon.
             The game lasted 01:20:24 (24000 turns).

Faeu the Executioner (Minotaur Berserker)          Turns: 24000, Time: 01:20:25

Health: -17/192    AC: 14    Str: 27    XL:     13   Next: 76%
Magic:  12/12      EV: 13    Int:  4    God:    Trog [*****.]
Gold:   1521       SH:  0    Dex: 10    Spells: 12/12 levels left

rFire   . . .      SeeInvis .   Y - +5 hand axe (flame) {axe}
rCold   . . .      Faith    +   (no shield)
rNeg    . . .      Spirit   .   H - +0 plate armour
rPois   .          Reflect  .   (helmet restricted)
rElec   .          Harm     .   z - scarf {repulsion}
rCorr   .          Rampage  .   m - +0 pair of gloves
Will    .....                   (no boots)
Stlth   ..........              N - amulet of faith {!P}
HPRegen 0.42/turn               w - +4 ring of evasion
MPRegen 0.13/turn               T - ring of flight

@: berserking, lethally poisoned (-17 -> -24), flying, repel missiles, very
quick
A: horns 2, retaliatory headbutt
a: Renounce Religion, Berserk, Trog's Hand, Brothers in Arms


You were on level 14 of the Dungeon.
You worshipped Trog.
Trog was extremely pleased with you.
You visited 3 branches of the dungeon, and saw 17 of its levels.
You also visited: Volcano.

You collected 1601 gold pieces.
You spent 80 gold pieces at shops.


Innate Abilities, Weirdness & Mutations

You have a pair of horns on your head.
You reflexively headbutt those who attack you in melee.


   Skills:
 - Level 15.7 Fighting
 + Level 21.5 Axes
 - Level 7.7 Armour
 - Level 7.0 Dodging


You had 12 spell levels left.
You didn't know any spells.
Your spell library contained the following spells:

 Spells                   Type           Power      Damage    Failure   Level
 Animate Skeleton         Necr           0%         N/A       99%         1
 Pain                     Necr           0%         1d4       99%         1
 Shock                    Conj/Air       0%         1d3       99%         1
 Blink                    Tloc           0%         N/A       100%        2
 Corpse Rot               Necr/Air       0%         N/A       100%        2
 Poisonous Vapours        Pois/Air       0%         N/A       100%        2
 Scorch                   Fire           0%         2d5       100%        2
 Lesser Beckoning         Tloc           0%         N/A       100%        3
 Summon Guardian Golem    Hex/Summ       0%         N/A       100%        3
 Swiftness                Air            0%         N/A       100%        3
 Vampiric Draining        Necr           0%         2d6       100%        3
 Airstrike                Air            0%         N/A       100%        4
 Flame Wave               Conj/Fire      0%         2d4       100%        4
 Manifold Assault         Tloc           0%         N/A       100%        5
 Summon Cactus Giant      Summ           0%         N/A       100%        6
 Orb of Destruction       Conj           0%         9d5       100%        7
 Spellforged Servitor     Conj/Summ      0%         N/A       100%        7

Inventory:

Hand Weapons
 a - a +1 arbalest of flaming {crossbow}
   (You found it in a volcano)
 o - a +4 battleaxe {axe}
   (Trog gifted it to you on level 1 of the Orcish Mines)
 E - the +10 hand axe of Ettoom {protect, Dex+2, axe}
   (You found it on level 6 of the Dungeon)

   It grants its wielder temporary protection when it strikes (+7 to AC).
   Dex:       It affects your dexterity (+2).
 I - a +4 executioner's axe of flaming {axerare=g}
   (Trog gifted it to you on level 2 of the Orcish Mines)
 M - a +4 battleaxe {axe}
   (You took it off a death knight on level 12 of the Dungeon)
 Y - a +5 hand axe of flaming (weapon) {axe}
   (Trog gifted it to you on level 13 of the Dungeon)
Missiles
 J - 33 poisoned darts (quivered) {throwing}
Armour
 d - a +4 chain mail of poison resistance
   (You took it off Urug on level 11 of the Dungeon)
 m - a +0 pair of gloves (worn)
   (You found it on level 3 of the Dungeon)
 y - the +2 ratskin cloak {*Rats rPois rN+ Str-1 Int-1 Dex+1}
   (You found it on level 5 of the Dungeon)

   When the wearer is hurt, rats may emerge from it to assist them.
   Str:       It affects your strength (-1).
   Int:       It affects your intelligence (-1).
   Dex:       It affects your dexterity (+1).
   rPois:     It protects you from poison.
   rN:        It protects you from negative energy.
 z - a scarf of repulsion (worn)
   (You found it on level 12 of the Dungeon)
 B - +0 fire dragon scales
   (You found it in a volcano)
 C - a +2 robe of positive energy
   (You took it off Dowan on level 6 of the Dungeon)
 F - a +3 scale mail of fire resistance
   (You found it in a volcano)
 G - a +2 robe of willpower
   (You took it off Psyche on level 8 of the Dungeon)
 H - a +0 plate armour (worn)
   (You found it on level 7 of the Dungeon)
Jewellery
 w - a +4 ring of evasion (left hand)
   (You found it on level 12 of the Dungeon)
 x - a ring of fire
   (You found it on level 5 of the Dungeon)
 N - an amulet of faith (around neck) {!P}
   (You found it on level 9 of the Dungeon)
 T - a ring of flight (right hand)
   (You found it on level 11 of the Dungeon)
 V - a +6 ring of intelligence
   (You found it on level 11 of the Dungeon)
 W - an amulet of regeneration {@e2}
   (You took it off an orc on level 11 of the Dungeon)
Wands
 c - a wand of paralysis (5)
   (You took it off Harold on level 1 of the Orcish Mines)
 h - a wand of polymorph (5)
   (You found it on level 12 of the Dungeon)
 r - a wand of digging (2)
   (You took it off Ijyb on level 4 of the Dungeon)
 A - a wand of flame (7)
   (You found it on level 6 of the Dungeon)
 S - a wand of iceblast (12)
   (You found it on level 10 of the Dungeon)
Scrolls
 b - a scroll of torment {!r}
 i - 2 scrolls of enchant armour
 s - 2 scrolls of holy word {unknown}
 t - 4 scrolls of enchant weapon
 u - a scroll of blinking {!r}
 D - 4 scrolls of teleportation {@r4}
 L - 2 scrolls of brand weapon
 Q - 6 scrolls of vulnerability {!r!r}
 U - 2 scrolls of fear
 X - 2 scrolls of immolation {!r!r}
Potions
 e - 5 potions of mutation {!q}
 f - 4 potions of haste {@q3}
 g - a potion of might {unknown}
 j - 3 potions of berserk rage {!q}
 k - 5 potions of curing {@q1}
 l - 3 potions of magic
 n - 4 potions of heal wounds {@q2}
 p - 2 potions of lignification {!q}
 q - a potion of invisibility {unknown}
 v - 2 potions of attraction {unknown}
 K - a potion of resistance
 P - 2 potions of flight
 R - a potion of cancellation {unknown}

Dungeon Overview and Level Annotations

Branches:
Dungeon (14/15)            Temple (0/1) D:4            Lair (0/6) D:10
    Orc (2/2) D:11            Elf (1/3) Orc:2        Vaults (0/5) D:13
Volcano (visited)

Altars:
Ashenzari
Gozag
Makhleb
Nemelex Xobeh
Okawaru
Ru
Trog
Uskayaw
Vehumet

Shops:
D:12 (   Orc:2 !=[=

#...#.....####....+..#
....#...>.#.......#..#
....####..#.......#..#
#..#...>...#..#
#..'.......#..#
#..#.......+.)#
#..#########..#+
####...............
#............<.....
#..................
#.@...........##+##
#..o..........
#..#.....#..##
...##...##... ....#
#.###. ..###. .# ... #
# ....


You could see an orc knight.


Message History

You are poisoned.
You suddenly lose the ability to move!
You feel very sick.
The jorogumo changes into a hydra!
The seven-headed hydra bites you but does no damage. x2
The seven-headed hydra bites you. x2
The seven-headed hydra bites you but does no damage.
The seven-headed hydra bites you! x2
The orc knight hits you with a +0 broad axe!
You can move again. 😮 HP[-61]
You take 61 damage, and now have 67/128 hp.
MASSIVE DAMAGE!! (PAUSE)
A red film seems to cover your vision as you go berserk!
You feel yourself moving faster!
You feel mighty!
You feel very sick. The seven-headed hydra bites you!
* * * LOW HITPOINT WARNING * * *
The seven-headed hydra bites you but does no damage. x3
The seven-headed hydra bites you!
* * * LOW HITPOINT WARNING * * *
The seven-headed hydra barely misses you.
The seven-headed hydra misses you. The eight-headed hydra bites you!
* * * LOW HITPOINT WARNING * * *
The eight-headed hydra barely misses you.
The eight-headed hydra bites you!
* * * LOW HITPOINT WARNING * * *
The eight-headed hydra bites you but does no damage.
The eight-headed hydra bites you!
* * * LOW HITPOINT WARNING * * *
The eight-headed hydra bites you but does no damage. x3
The orc knight hits you with a +0 broad axe.
* * * LOW HITPOINT WARNING * * *
😱 HP[-23]
You now have 192 max hp (+64).
You hack one of the seven-headed hydra's heads off!
The flame cauterises the wound!
You slash the six-headed hydra! You burn the six-headed hydra.
You barely miss the orc knight.
You chop one of the eight-headed hydra's heads off!
The flame cauterises the wound!
You slash the seven-headed hydra! You burn the seven-headed hydra.
You feel sick. 😱 HP[-1]
You take 1 damage, and now have 43/192 hp.
You chop one of the six-headed hydra's heads off!
The flame cauterises the wound!
You slice the five-headed hydra!! You burn the five-headed hydra.
Your headbutt misses the five-headed hydra.
You hack one of the seven-headed hydra's heads off!
The flame cauterises the wound!
You slash the six-headed hydra! You burn the six-headed hydra.
You hit the orc knight. You burn the orc knight.
You feel sick. 😱 HP[-1]
You take 1 damage, and now have 42/192 hp.
You barely miss the five-headed hydra. You headbutt the five-headed hydra!
You slice one of the six-headed hydra's heads off!
The flame cauterises the wound!
You slash the five-headed hydra! You burn the five-headed hydra.
You barely miss the orc knight.
You feel sick. The five-headed hydra misses you. You furiously retaliate!
You headbutt the five-headed hydra.
The five-headed hydra bites you but does no damage.
The five-headed hydra misses you.
The five-headed hydra bites you but does no damage.
The five-headed hydra closely misses you.
The five-headed hydra bites you.
* * * LOW HITPOINT WARNING * * *
The five-headed hydra bites you!
* * * LOW HITPOINT WARNING * * *
The five-headed hydra bites you but does no damage.
The five-headed hydra bites you.
* * * LOW HITPOINT WARNING * * *
The five-headed hydra bites you but does no damage.
The orc knight hits you with a +0 broad axe!
* * * LOW HITPOINT WARNING * * *
😱 HP[-37]
You take 37 damage, and now have 5/192 hp.
You slice one of the five-headed hydra's heads off!
The flame cauterises the wound!
You slash the four-headed hydra! You burn the four-headed hydra.
You kill the four-headed hydra!
Trog accepts your kill.
You closely miss the orc knight. You barely miss the five-headed hydra.
* * * LOW HITPOINT WARNING * * *
You feel sick. 😱 HP[-2]
You take 2 damage, and now have 3/192 hp.
You hack one of the five-headed hydra's heads off!
The flame cauterises the wound!
You slash the four-headed hydra! You burn the four-headed hydra.
You slash the orc knight! You burn the orc knight. 😱 HP[+1]
You chop one of the four-headed hydra's heads off!
The flame cauterises the wound!
You slash the three-headed hydra! You burn the three-headed hydra.
You headbutt the three-headed hydra!
You kill the three-headed hydra!
Trog accepts your kill.
You slash the orc knight! You burn the orc knight.
* * * LOW HITPOINT WARNING * * *
You feel sick.
The orc knight hits you with a +0 broad axe!!
You die...

Skill      XL: |  1  2  3  4  5  6  7  8  9 10 11 12 13 |
---------------+----------------------------------------+-----
Fighting       | 4 5 6 8 11 15 | 15.7
Axes           | 4 5 6 8 12 14 18 21 | 21.5
Armour         | 3 4 5 6 7 |  7.7
Dodging        | 3 4 5 6 7 |  7.0

Action                   |  1- 3 |  4- 6 |  7- 9 | 10-12 | 13-15 || total
-------------------------+-------+-------+-------+-------+-------++-------
Melee: Hand axe          |    61 |    92 |   130 |   589 |   218 ||  1090
       Headbutt          |     9 |    13 |    54 |   134 |    57 ||   267
       Punch             |       |     3 |     3 |    12 |     6 ||    24
       Dire flail        |       |       |   143 |       |       ||   143
       Dagger            |       |       |     9 |       |       ||     9
Throw: Dart              |       |       |     2 |     1 |     6 ||     9
Invok: Berserk           |     2 |     3 |     4 |    14 |     8 ||    31
Evoke: Wand              |       |       |     3 |       |       ||     3
  Use: Scroll            |       |       |       |    15 |     5 ||    20
       Potion            |       |       |       |     1 |       ||     1
 Stab: Sleeping          |       |       |     2 |       |       ||     2
       Invisible         |       |       |     1 |       |       ||     1
Armor: Animal skin       |     8 |     8 |    37 |       |       ||    53
       Chain mail        |       |       |    38 |       |       ||    38
       Plate armour      |       |       |     9 |   257 |   100 ||   366
       Skin              |       |       |     8 |       |       ||     8
       Scale mail        |       |       |       |     7 |       ||     7
       Leather armour    |       |       |       |     4 |       ||     4
Dodge: Dodged            |    49 |    41 |   157 |   176 |   117 ||   540

Levels and vault maps discovered:
D:1:      ncdulo_halloftheorcs, layout_rooms
D:2:      layout_basic, nicolae_ecumenical_pavilion, uniq_crazy_yiuf_cottage,
          uniq_jessica
D:3:      layout_rooms, grunt_temple_overflow_diamond, grunt_ministairs_8,
          minivault_4, minmay_crystal_room, minmay_quadrilaterals
D:4:      layout_loops_ring, minmay_temple_entry_nine_rooms,
          minmay_fire_ice_demons, uniq_edmund, uniq_ijyb
D:5:      wander_guarded_unrand_ratskin, layout_basic, lemuel_crystal_altar,
          serial_undead, serial_undead_f, serial_undead_d, serial_undead_b,
          serial_undead_f, serial_undead_c, serial_undead_a
D:6:      layout_loops_ring, nicolae_gozag_seed_capital,
          nicolae_ru_awakened_eye, hex_large, uniq_duvessa
D:7:      layout_gridville, chequers_serial_rivers_micro_c
D:8:      layout_gridville, uniq_psyche
D:9:      layout_big_octagon, grunt_temple_overflow_open
D:10:     layout_rooms, lair_entry_dummy
D:11:     layout_rooms, david_orc_4, okawaru_trees_1, uniq_urug
D:12:     layout_irregular_city, serial_shops, nicolae_shop_hallway_stairs,
          cheibrodos_ashenzari_chains
D:13:     layout_loops_ring, david_vaults_2
D:14:     layout_irregular_city, gauntlet_entry_generic,
          kennysheep_pointless_box, kb_rosetta
Orc:1:    layout_caves, nicolae_volcano_entry_vermiform, uniq_harold
Orc:2:    grunt_orc_tribal_feast, layout_caves, basic_altar, uniq_maurice
Elf:1:    minmay_elf_arrival_circle, layout_gridlike, serial_shops,
          nicolae_shop_stone, gammafunk_ghost_grave,
          kennysheep_underground_church

Notes
Turn   | Place    | Note
-------+----------+-------------------------------------------
     0 | D:1      | Faeu the Minotaur Berserker began the quest for the Orb.
     0 | D:1      | Reached XP level 1. HP: 19/19 MP: 0/0
     0 | D:1      | magus.rc [v1.9.6]
   202 | D:1      | Reached XP level 2. HP: 26/27 MP: 1/1
   305 | D:1      | You pick up a book of Spatial Translocations {forbidden}
                  | and begin reading...
   305 | D:1      | You add the spells Blink, Lesser Beckoning and Manifold
                  | Assault to your library.
   444 | D:1      | You pick up a book of Scorching {forbidden} and begin
                  | reading...
   444 | D:1      | You add the spells Scorch, Flame Wave and Summon Cactus
                  | Giant to your library.
   590 | D:2      | Reached skill level 4 in Fighting
   590 | D:2      | Reached skill level 4 in Axes
   627 | D:2      | Reached skill level 3 in Armour
   701 | D:2      | magus.rc [v1.9.6]
   706 | D:2      | Reached XP level 3. HP: 19/33 MP: 2/2
   977 | D:2      | magus.rc [v1.9.6]
  1508 | D:3      | You pick up a book of Vapours {forbidden} and begin
                  | reading...
  1508 | D:3      | You add the spells Poisonous Vapours and Corpse Rot to your
                  | library.
  1536 | D:3      | Reached skill level 3 in Dodging
  1536 | D:3      | Reached XP level 4. HP: 21/41 MP: 3/3
  1847 | D:3      | Noticed a scorpion
  1855 | D:3      | Killed a scorpion
  1856 | D:3      | Reached XP level 5. HP: 47/47 MP: 4/4
  2115 | D:3      | Reached ** piety under Trog
  2141 | D:3      | You pick up a book of Air {forbidden} and begin reading...
  2141 | D:3      | You add the spells Shock, Swiftness and Airstrike to your
                  | library.
  2276 | D:3      | You pick up a book of Necromancy {forbidden} and begin
                  | reading...
  2276 | D:3      | You add the spells Pain, Animate Skeleton and Vampiric
                  | Draining to your library.
  2300 | D:3      | Reached skill level 4 in Armour
  2333 | D:3      | Found a radiant altar of Vehumet.
  2336 | D:3      | Found a sparkling altar of Nemelex Xobeh.
  2343 | D:3      | Found a hide-covered altar of Uskayaw.
  2978 | D:4      | Noticed Ijyb
  2981 | D:4      | Noticed a phantom
  2991 | D:4      | Killed Ijyb
  2992 | D:4      | Reached skill level 5 in Fighting
  2992 | D:4      | Reached skill level 5 in Axes
  2994 | D:4      | Killed a phantom
  2995 | D:4      | Reached XP level 6. HP: 56/56 MP: 5/5
  3078 | D:4      | Reached skill level 4 in Dodging
  3258 | D:4      | Noticed a sky beast
  3262 | D:4      | Killed a sky beast
  3312 | D:4      | HP: 17/84 [something/magic dart (8)]
  3815 | D:4      | Reached skill level 5 in Armour
  3815 | D:4      | Reached XP level 7. HP: 45/62 MP: 6/6
  4029 | D:4      | Noticed Edmund
  4039 | D:4      | Killed Edmund
  4040 | D:4      | Reached skill level 6 in Axes
  4435 | D:4      | Reached skill level 6 in Fighting
  4507 | D:4      | Found a staircase to the Ecumenical Temple.
  4569 | D:5      | Entered Level 5 of the Dungeon
  4593 | D:5      | Reached skill level 5 in Dodging
  4960 | D:5      | Reached skill level 6 in Armour
  4960 | D:5      | Reached XP level 8. HP: 71/71 MP: 7/7
  4971 | D:5      | You pick up a book of Dangerous Friends {forbidden} and
                  | begin reading...
  4971 | D:5      | You add the spells Summon Guardian Golem, Orb of
                  | Destruction and Spellforged Servitor to your library.
  5150 | D:5      | HP: 13/67 [hell rat (16)]
  5154 | D:5      | HP: 6/102 [hell rat (12)]
  5165 | D:5      | Reached *** piety under Trog
  5481 | D:5      | Found the +2 ratskin cloak {*Rats rPois rN+ Str-1 Int-1
                  | Dex+1}
  5547 | D:5      | Found a bloodstained altar of Trog.
  5571 | D:5      | Reached skill level 7 in Fighting
  5571 | D:5      | Reached skill level 7 in Axes
  5735 | D:5      | Reached skill level 6 in Dodging
  6227 | D:5      | Reached skill level 7 in Armour
  6701 | D:6      | Noticed Dowan
  6702 | D:6      | Noticed Duvessa
  6849 | D:6      | Reached skill level 8 in Fighting
  6849 | D:6      | Reached skill level 8 in Axes
  6849 | D:6      | Reached XP level 9. HP: 81/81 MP: 8/8
  6929 | D:6      | Killed Dowan
  6937 | D:6      | Killed Duvessa
  7315 | D:6      | Reached skill level 7 in Dodging
  7493 | D:6      | Found an opulent altar of Gozag.
  7697 | D:6      | Found a sacrificial altar of Ru.
  7712 | D:6      | Identified the +10 hand axe of Ettoom {protect, Dex+2}
  8311 | D:7      | Reached skill level 9 in Axes
  8379 | D:7      | Reached skill level 10 in Axes
  8636 | D:7      | Reached **** piety under Trog
  8651 | D:7      | Reached skill level 11 in Axes
  9116 | D:8      | Noticed Psyche
  9116 | D:8      | Paralysed by Psyche for 7 turns
  9127 | D:8      | Paralysed by something for 5 turns
  9135 | D:8      | Paralysed by something for 6 turns
  9231 | D:8      | Killed Psyche
  9420 | D:8      | Noticed a cyclops
  9423 | D:8      | Reached skill level 12 in Axes
  9437 | D:8      | Killed a cyclops
  9438 | D:8      | Reached XP level 10. HP: 82/88 MP: 9/9
  9601 | D:8      | Reached skill level 13 in Axes
 10335 | D:9      | Noticed a two-headed ogre
 10341 | D:9      | Reached skill level 14 in Axes
 10343 | D:9      | Killed a two-headed ogre
 10344 | D:9      | Reached skill level 9 in Fighting
 10347 | D:9      | Reached skill level 10 in Fighting
 10734 | D:9      | Found a burning altar of Makhleb.
 10803 | D:10     | Entered Level 10 of the Dungeon
 10852 | D:10     | Reached skill level 11 in Fighting
 10861 | D:10     | Reached XP level 11. HP: 94/102 MP: 10/10
 10881 | D:10     | Reached ***** piety under Trog
 10884 | D:10     | Found a staircase to the Lair.
 10921 | D:10     | Reached skill level 12 in Fighting
 11056 | D:10     | HP: 23/104 [something (9)]
 11407 | D:11     | You pick up a book of Air {forbidden} and begin reading...
 11465 | D:11     | Reached skill level 13 in Fighting
 11468 | D:11     | Noticed a green ugly thing
 11478 | D:11     | Killed a green ugly thing
 11891 | D:11     | Noticed Urug
 11906 | D:11     | Killed Urug
 11907 | D:11     | Reached skill level 14 in Fighting
 12078 | D:11     | Found an iron altar of Okawaru.
 12533 | D:11     | Found a staircase to the Orcish Mines.
 12545 | Orc:1    | Entered Level 1 of the Orcish Mines
 12568 | Orc:1    | Found a dark tunnel.
 12568 | Orc:1    | Noticed a lindwurm
 12579 | Volcano  | Entered a volcano
 13007 | Volcano  | Noticed a stone giant
 13022 | Volcano  | Killed a stone giant
 13023 | Volcano  | Reached skill level 15 in Fighting
 13443 | Orc:1    | Killed a lindwurm
 13443 | Orc:1    | Received a gift from Trog
 13548 | Orc:1    | Noticed Harold
 13548 | Orc:1    | Paralysed by Harold for 6 turns
 13564 | Orc:1    | Killed Harold
 13842 | Orc:1    | Noticed an orc high priest
 13843 | Orc:1    | Noticed an orc sorcerer
 13846 | Orc:2    | Entered Level 2 of the Orcish Mines
 13846 | Orc:2    | Found a burning altar of Makhleb.
 13847 | Orc:2    | Noticed an orc sorcerer
 13853 | Orc:2    | Paralysed by an orc sorcerer for 3 turns
 13857 | Orc:2    | Killed an orc sorcerer
 13858 | Orc:2    | Reached XP level 12. HP: 118/122 MP: 11/11
 14222 | Orc:1    | Reached skill level 15 in Axes
 14224 | Orc:1    | Noticed an orc high priest
 14236 | Orc:1    | Killed an orc high priest
 14806 | Orc:2    | Found a staircase to the Elven Halls.
 14933 | Orc:2    | Received a gift from Trog
 14934 | Orc:2    | Reached skill level 16 in Axes
 15146 | Orc:2    | Noticed Maurice
 15443 | Orc:2    | Maurice hits you with a +4 executioner's axe of flaming
                  | {axerare=g}.
 15445 | Orc:2    | Maurice hits you with a +4 executioner's axe of flaming
                  | {axerare=g}!
 15447 | Orc:2    | Killed Maurice
 15627 | Orc:2    | Noticed an orc high priest
 15639 | Orc:2    | Killed an orc high priest
 15648 | Orc:2    | I - a +4 executioner's axe of flaming {axerare=g}
 15701 | Orc:2    | Noticed an orc high priest
 15710 | Orc:2    | Killed an orc high priest
 15711 | Orc:2    | Reached skill level 17 in Axes
 15714 | Orc:2    | Noticed an orc high priest
 15728 | Orc:2    | Paralysed by an orc sorcerer for 6 turns
 15739 | Orc:1    | HP: 28/122 [orc sorcerer/bolt of fire (6)]
 17001 | Elf:1    | Entered Level 1 of the Elven Halls
 17255 | Orc:2    | Killed an orc high priest
 17256 | Orc:2    | Reached skill level 18 in Axes
 17405 | Orc:2    | Found Tiyff's Jewellery Shop.
 17405 | Orc:2    | Found Cioqaeck's Distillery.
 17407 | Orc:2    | Found Cais's Armour Shop.
 17407 | Orc:2    | Found Noanimnu's Jewellery Emporium.
 17418 | Orc:2    | Bought a potion of heal wounds for 80 gold pieces
 17573 | Orc:1    | Killed an orc high priest
 17888 | D:12     | Found Biej's Weapon Boutique.
 18302 | D:13     | Reached XP level 13. HP: 126/128 MP: 12/12
 18551 | D:13     | HP: 38/192 [death knight/+1 battleaxe (21)]
 18553 | D:13     | Reached skill level 19 in Axes
 18554 | D:13     | HP: 18/192 [freezing wraith[a death knight] (18)]
 18562 | D:13     | HP: 15/192 [phantasmal warrior[a death knight] (4)]
 20294 | D:12     | Found a broken altar of Ashenzari.
 20591 | D:12     | Reached skill level 20 in Axes
 21170 | D:13     | Received a gift from Trog
 21639 | D:13     | Found a gate to the Vaults.
 23149 | D:14     | Reached skill level 21 in Axes
 23630 | D:14     | Found a gate leading to a gauntlet.
 23992 | D:14     | Paralysed by a jorogumo for 1 turns
 23994 | D:14     | HP: 45/192 [eight-headed hydra (shapeshifter) (13)]
 23997 | D:14     | HP: 17/192 [five-headed hydra (shapeshifter) (6)]
 23997 | D:14     | HP: 5/192 [orc knight/+0 broad axe (12)]
 24000 | D:14     | Demolished by an orc knight

Vanquished Creatures
  A stone giant (Volcano)
  A yaktaur captain (D:13)
  Harold (Orc:1)
  A hydra (D:14)
  A boulder beetle (D:13)
  A hydra (shapeshifter) (D:14)
  A centaur warrior (D:13)
  2 death knights
  3 two-headed ogres
  5 orc high priests
  Urug (D:11)
  4 orc knights (Orc:2)
  4 deep elf pyromancers
  A phantasmal warrior (D:13)
  A lindwurm (Orc:1)
  6 ugly things
  3 manticores
  3 cyclopes
  7 orc sorcerers
  A salamander (shapeshifter) (D:14)
  Maurice (Orc:2)
  2 gargoyles
  An efreet (Volcano)
  2 yaktaurs (D:13)
  2 kobold demonologists
  2 unseen horrors
  Psyche (D:8)
  A freezing wraith (D:13)
  3 trolls
  9 slime creatures
  A shadow (D:8)
  A wraith (D:13)
  A vampire (D:12)
  18 yaks
  2 fire elementals (Volcano)
  A warg (Orc:2)
  Edmund (D:4)
  An acid dragon (D:12)
  A water moccasin (D:7)
  5 sky beasts
  26 orc warriors
  Duvessa (D:6)
  An ice beast (D:7)
  6 ogres
  A hornet zombie (D:7)
  2 necrophages (D:7)
  12 centaurs
  A phantom (D:4)
  A kobold brigand (D:8)
  2 wyvern zombies
  2 scorpions
  3 earth elementals (Volcano)
  2 water moccasin zombies
  A water moccasin skeleton (D:5)
  Dowan (D:6)
  7 killer bees
  2 howler monkeys (D:13)
  A crimson imp (D:4)
  2 bullfrog zombies (D:5)
  7 centaur zombies
  A jelly (D:6)
  15 orc priests
  2 hounds
  A bullfrog skeleton (D:5)
  A centaur skeleton (D:6)
  Ijyb (D:4)
  2 scorpion zombies (D:5)
  3 iguanas
  4 hell rats (D:5)
  31 orc wizards
  2 killer bee zombies (D:5)
  A hound zombie (D:5)
  A hound skeleton (D:5)
  3 howler monkey zombies
  12 adders
  14 river rats (D:5)
  A shadow imp (D:6)
  2 white imps
  2 ufetubi (D:5)
  2 worms (D:3)
  66 orcs
  2 ball pythons (D:3)
  4 bats
  7 endoplasms
  2 giant cockroaches
  4 hobgoblins
  2 quokkas
  A frilled lizard (D:3)
  8 goblins
  9 kobolds
  5 rats
396 creatures vanquished.

Vanquished Creatures (collateral kills)
  A skeletal warrior (D:13)
  A slime creature (D:10)
  An orc wizard (D:11)
3 creatures vanquished.

Vanquished Creatures (others)
  An orc priest (Orc:2)
  2 orc wizards
  3 withered plants (D:5)
6 creatures vanquished.

Grand Total: 405 creatures vanquished

Table legend:
 A = Non-vault XP
 B = Vault XP
 C = Vault XP percentage of total XP
 D = Non-vault monster count
 E = Vault monster count
 F = Vault count percentage of total count
                 A         B        C        D         E       F
            +---------+---------+-------+---------+---------+-------
      Total |   42538 |   16583 |  28.0 |     295 |     105 |  26.2
            +---------+---------+-------+---------+---------+-------
        D:1 |      21 |       0 |   0.0 |      13 |       0 |   0.0
        D:2 |      47 |       0 |   0.0 |       8 |       0 |   0.0
        D:3 |     187 |      27 |  12.6 |      21 |       6 |  22.2
        D:4 |     435 |     254 |  36.9 |      12 |       4 |  25.0
        D:5 |     513 |     955 |  65.1 |      17 |      32 |  65.3
        D:6 |     832 |     201 |  19.5 |      18 |       2 |  10.0
        D:7 |    1517 |       0 |   0.0 |      15 |       0 |   0.0
        D:8 |    2058 |     353 |  14.6 |      27 |       1 |   3.6
        D:9 |    2086 |       0 |   0.0 |      13 |       0 |   0.0
       D:10 |    2894 |       0 |   0.0 |      14 |       0 |   0.0
       D:11 |    3217 |    1506 |  31.9 |      17 |      17 |  50.0
       D:12 |    5307 |       0 |   0.0 |      18 |       0 |   0.0
       D:13 |   10337 |    1659 |  13.8 |      26 |       3 |  10.3
       D:14 |    6501 |       0 |   0.0 |      15 |       0 |   0.0
      Orc:1 |    4837 |    2043 |  29.7 |      33 |       3 |   8.3
      Orc:2 |    1749 |    7077 |  80.2 |      28 |      29 |  50.9
    Volcano |       0 |    2508 | 100.0 |       0 |       8 | 100.0
            +---------+---------+-------+---------+---------+-------

Illustrated notes

Table legend:
 A = Kills in this place as a percentage of kills in entire the game.
 B = Kills by you in this place as a percentage of kills by you in the entire game.
 C = Kills by friends in this place as a percentage of kills by friends in the entire game.
 D = Other kills in this place as a percentage of other kills in the entire game.
 E = Experience gained in this place as a percentage of experience gained in the entire game.
 F = Experience gained in this place divided by the number of levels of this place that you have seen.
                   A       B       C       D       E      F
               +-------+-------+-------+-------+-------+----------------------
         Total | 100.0 | 100.0 | 100.0 | 100.0 | 100.0 | 3284.5
       Dungeon |  74.8 |  74.7 | 100.0 |   0.0 |  69.2 | 2921.9
  Orcish Mines |  23.2 |  23.2 |   0.0 | 100.0 |  26.6 | 7853.0
       Volcano |   2.0 |   2.0 |   0.0 |   0.0 |   4.2 | 2508.0
               +-------+-------+-------+-------+-------+----------------------

Table legend: (Time is in decaauts)
 A = Elapsed time spent in this place.
 B = Non-inter-level travel time spent in this place.
 C = Inter-level travel time spent in this place.
 D = Time resting spent in this place.
 E = Time spent auto-exploring this place.
 F = Levels seen in this place.
 G = Mean time per level.
                   A        B        C        D        E       F      G
               +--------+--------+--------+--------+--------+-----+--------+
         Total |  23994 |  23320 |    674 |   8182 |   9833 |  18 | 1333.0 |
       Dungeon |  18784 |  18165 |    619 |   5625 |   8892 |  14 | 1341.7 |
  Orcish Mines |   4373 |   4319 |     54 |   2162 |    739 |   2 | 2186.5 |
   Elven Halls |      1 |      1 |      0 |      0 |      0 |   1 |    1.0 |
       Volcano |    835 |    835 |      0 |    395 |    202 |   1 |  835.0 |
               +--------+--------+--------+--------+--------+-----+--------+

Top non-repeatable levels by time:
    D:12: 3538 daAuts
   Orc:2: 2381 daAuts
     D:5: 2196 daAuts
   Orc:1: 1991 daAuts
     D:4: 1754 daAuts
    D:13: 1684 daAuts
     D:3: 1534 daAuts
    D:11: 1498 daAuts
     D:6: 1323 daAuts
     D:8: 1222 daAuts
     D:7: 1050 daAuts
    D:14: 928 daAuts
     D:2: 844 daAuts
 Volcano: 835 daAuts
     D:1: 582 daAuts
